 Dungeon Crawl Stone Soup version 0.20-a0-909-g1a4ba80 (webtiles) character file.

181 AlphabetPasta the Chopper (level 5, -4/41 HPs)
             Began as a Human Chaos Knight on Mar 22, 2017.
             Slain by a worker ant (10 damage)
             ... on level 4 of the Dungeon.
             The game lasted 00:10:13 (2642 turns).

AlphabetPasta the Chopper (Human Chaos Knight)      Turns: 2642, Time: 00:10:13

Health: -4/41      AC:  8    Str: 13    XL:     5   Next: 92%
Magic:  5/5        EV: 12    Int: 15    God:    Xom [....*.]
Gold:   149        SH:  0    Dex: 13    Spells: 4/4 levels left

rFire    . . .     SeeInvis .   a - +0 hand axe (chaos)
rCold    . . .     Gourm    .   b - +2 leather armour
rNeg     . . .     Faith    .   (no shield)
rPois    .         Spirit   .   e - +2 hat {Int+3}
rElec    .         Reflect  .   (no cloak)
rCorr    .         Harm     +   (no gloves)
MR       +....                  (no boots)
Stlth    ..........             i - amulet of harm
Regen    0.2/turn               m - +1 ring of protection
MPRegen  0.1/turn               j - ring of loudness (curse)

@: no status effects
A: magic resistance 1, evolution 1
a: Renounce Religion


You were on level 4 of the Dungeon.
You worshipped Xom.
You were a beloved toy of Xom.
You were not hungry.

You visited 1 branch of the dungeon, and saw 4 of its levels.

You collected 149 gold pieces.

Inventory:

Hand Weapons
 a - a +0 hand axe of chaos (weapon)
Missiles
 d - 3 tomahawks (quivered)
Armour
 b - a +2 leather armour (worn)
 e - a +2 hat of intelligence (worn)
Jewellery
 i - an amulet of harm (around neck)
 j - a cursed ring of loudness (left hand)
 l - an uncursed ring of resist corrosion
 m - a +1 ring of protection (right hand)
Scrolls
 h - 2 scrolls of remove curse
 o - a scroll of teleportation
Potions
 q - a potion of haste
Comestibles
 c - 2 bread rations
 f - 2 meat rations
 g - a royal jelly
 k - 5 chunks of flesh


   Skills:
 + Level 3.6 Fighting
 * Level 4.4 Axes
 + Level 3.3 Armour
 + Level 2.3 Dodging


You had 4 spell levels left.
You didn't know any spells.

Dungeon Overview and Level Annotations

Branches:
Dungeon (4/15)
 Temple: D:4-7

Altars:
Cheibriados
Elyvilon
Hepliaklqana
Qazlal
Xom


Innate Abilities, Weirdness & Mutations

You are resistant to hostile enchantments. (MR+)
You evolve.


Message History

* * * LOW HITPOINT WARNING * * *
You are lethally poisoned!
The worker ant poisons you! The worker ant barely misses you.
You feel better.
Xom complains about the scenery.
The worker ant closely misses you. The worker ant bites you!
* * * LOW HITPOINT WARNING * * *
You hit the worker ant.
The worker ant is lightly wounded.
The worker ant bites you but does no damage.
The worker ant closely misses you.
You hit the worker ant. You freeze the worker ant.
The worker ant is moderately wounded.
The worker ant misses you. The worker ant closely misses you.
You barely miss the worker ant.
The worker ant is moderately wounded.
The worker ant bites you but does no damage.
The worker ant bites you!
You die...
Xom titters!

#.. #.. #>. #_.
### ##.. #..
... #.# #a####
#.# #.@..# #<#
####.# #.# #.#
#.# #.# #.# #.#
#.#
..####.#####.#
...........##.#
#..######...#.#
#..........#


You could see a worker ant (berserk).

Vanquished Creatures
  An orc priest (D:3)
  A worker ant (D:3)
  3 adders
  A shadow imp (D:3)
  2 oozes
  2 worms
  4 leopard geckos
  8 orcs (D:3)
  12 bats
  2 giant cockroaches (D:1)
  4 goblins
  6 hobgoblins
  3 jackals (D:2)
  8 kobolds
  4 quokkas
  A ball python (D:3)
  5 frilled lizards
  A leopard gecko skeleton (D:4)
  A rat (D:3)
69 creatures vanquished.

Vanquished Creatures (others)
  A hobgoblin (D:2)
1 creature vanquished.

Grand Total: 70 creatures vanquished

Notes
Turn   | Place    | Note
-------+----------+-------------------------------------------
     0 | D:1      | AlphabetPasta the Human Chaos Knight began the quest for the Orb.
     0 | D:1      | Reached XP level 1. HP: 18/18 MP: 1/1
    90 | D:1      | XOM: divination: detect items
   118 | D:1      | XOM: divination: detect items
   159 | D:1      | Reached XP level 2. HP: 23/24 MP: 2/2
   287 | D:1      | XOM: harmless Tloc miscast
   375 | D:1      | XOM: divination: detect items
   415 | D:1      | XOM: potion effect (might)
   474 | D:1      | XOM: divination: detect items
   693 | D:1      | Reached XP level 3. HP: 28/29 MP: 3/3
   941 | D:2      | XOM: silly message
  1044 | D:2      | XOM: divination: detect items
  1085 | D:2      | XOM: harmless Fire miscast
  1172 | D:2      | Reached XP level 4. HP: 24/35 MP: 4/4
  1245 | D:2      | XOM: silly message
  1940 | D:3      | Reached skill level 4 in Axes
  1940 | D:3      | Reached XP level 5. HP: 23/41 MP: 5/5
  2053 | D:3      | Found a stormy altar of Qazlal.
  2068 | D:3      | XOM: summons friendly crimson imp
  2160 | D:3      | Found a snail-covered altar of Cheibriados.
  2160 | D:3      | Found a hazy altar of Hepliaklqana.
  2197 | D:3      | XOM: god gift: lumpy coppery potion {god gift}
  2199 | D:3      | Gained mutation: You are resistant to hostile enchantments. (MR+) [potion of mutation]
  2199 | D:3      | Gained mutation: You evolve. [potion of mutation]
  2233 | D:3      | Found a white marble altar of Elyvilon.
  2639 | D:4      | XOM: scenery: create altars
  2642 | D:4      | Slain by a worker ant

Vault maps used:
D:1:      roderic_crossed_star
D:2:      first_bread, roderic_lattice_a, minivault_14, st_stairs_4,
          due_unseen_surprise
D:3:      elyvilon_altar_4, lemuel_doored_altar,
          gammafunk_temple_overflow_elements, grunt_decor_resistance,
          grunt_ministairs_3
D:4:      kennysheep_generic_room_14, uniq_blork_the_orc

Skill      XL: |  1  2  3  4 |
---------------+-------------+-----
Armour         | 3 |  3.3
Axes           | 4 |  4.4
Dodging        | 2 |  2.3
Fighting       | |  3.6

Action                   |  1- 3 |  4- 6 || total
-------------------------+-------+-------++-------
Melee: Hand axe          |    88 |   116 ||   204
  Use: Potion            |     5 |     6 ||    11
       Scroll            |     2 |     3 ||     5
 Stab: Sleeping          |     1 |       ||     1
       Paralysed         |       |     4 ||     4
       Confused          |       |     2 ||     2
       Petrified         |       |     1 ||     1
  Eat: Chunk             |     1 |     5 ||     6
Armor: Leather armour    |    30 |    28 ||    58
Dodge: Dodged            |    59 |    67 ||   126
